[Event "Late-Titled-Tuesday-Blitz-June-04-2024"]
[Site "Chess.com"]
[Date "2024.06.04"]
[Round "8"]
[White "Bala-Afiada"]
[Black "jbking07"]
[Result "0-1"]
[WhiteElo "2066"]
[BlackElo "2333"]
[TimeControl "180+1"]
[EndTime "15:26:49 PDT"]
[Termination "jbking07 won by resignation"]

1. d4 d5 2. c4 dxc4 3. Qa4+ Nd7 4. Qxc4 Ngf6 5. Nf3 Nb6 6. Qc2 Bg4 7. Nbd2 e6 8.
g3 Rc8 9. Bg2 c5 10. dxc5 Bxc5 11. Qd1 Qe7 12. O-O O-O 13. h3 Bf5 14. Nb3 Rfd8 15. Qe1 Bb4 16. Bd2 Bxd2 17. Nfxd2 Rc2 18. e4 Bg6 19. Rb1 Qb4 20. Qe3 Rcxd2 21. Nxd2 Rxd2 22.
a3 Qd4 23. Qxd4 Rxd4 24. Rfd1 Rxd1+ 25. Rxd1 Kf8 26. Rd8+ Ke7 27. Rb8 Nxe4 28. Rxb7+ Kf6 29. Bxe4 Bxe4 30. Rxa7 Nc4 31. b4 Ke5 32. b5 Nd6 33.
b6 Kd4 34. a4 Kc5 35. a5 Bb7 36. g4 Kc6 37. f4 Nc8 38. a6 Nxa7 39. axb7 Kxb7 40. bxa7 Kxa7 41. Kf2 Kb6 42. Ke3 Kc6 43.
Ke4 Kd6 44. h4 f6 45. h5 h6 46. Kd4 Kc6 47. Kc4 e5 48. fxe5 fxe5 49. Kd3 Kd5 50. Ke3 Ke6 51. Ke4 Kf6 52. Kd5 Kg5 53. Kxe5 Kxg4 0-1

[Event "Late-Titled-Tuesday-Blitz-June-04-2024"]
[Site "Chess.com"]
[Date "2024.06.04"]
[Round "8"]
[White "dretch"]
[Black "Flawless_Fighter"]
[Result "1/2-1/2"]
[WhiteElo "2860"]
[BlackElo "2696"]
[TimeControl "180+1"]
[EndTime "15:26:51 PDT"]
[Termination "Game drawn by repetition"]

1. d4 Nf6 2. c4 e6 3. Nf3 d5 4. Nc3 c5 5. cxd5 Nxd5 6. e4 Nxc3 7. bxc3 cxd4 8. cxd4 Bb4+ 9. Bd2 Bxd2+ 10. Qxd2 O-O 11. Bc4 Nd7 12. O-O b6 13. a4 Bb7 14. Rfe1 Qc7 15.
Rac1 Qd6 16. d5 exd5 17. e5 Qe7 18. Bxd5 Bxd5 19. Qxd5 Nc5 20. Qc4 Rac8 21. h4 h6 22.
Red1 Rc7 23. Qb4 Rfc8 24. Rc4 Qe8 25. Qa3 Ne6 26. Rxc7 Rxc7 27. a5 b5 28. Qd6 Qc6 29. a6 Qc4 30. Nd4 Nxd4 31. Rxd4 Qc6 32. h5 Qxd6 33.
Rxd6 Kf8 34. Rd8+ Ke7 35. Rb8 Ke6 36. Rxb5 Rc6 37. Ra5 Kf5 38. Kh2 Re6 39. Kh3 Rxe5 40. g4+ Kf6 41. Ra4 Re6 42. Kg3 Rb6 43. Kf4 Ke6 44.
f3 Kf6 45. Ke4 Ke6 46. f4 f5+ 47. gxf5+ Kf6 48. Ra5 Rd6 49. Ke3 Rb6 50. Ke4 Rd6 51. Kf3 Rd3+ 52. Kg4 Rd6 53. Ra1 Rb6 54. Ra5 Rc6 55.
Kg3 Rb6 56. Kf3 Rc6 57. Ke4 Rd6 1/2-1/2

[Event "Late-Titled-Tuesday-Blitz-June-04-2024"]
[Site "Chess.com"]
[Date "2024.06.04"]
[Round "8"]
[White "arctic_t00"]
[Black "Abund"]
[Result "1-0"]
[WhiteElo "2644"]
[BlackElo "2795"]
[TimeControl "180+1"]
[EndTime "15:26:51 PDT"]
[Termination "arctic_t00 won by resignation"]

1. Nf3 c5 2. g3 Nc6 3. Bg2 d5 4.
O-O e5 5. d3 Be7 6. e4 d4 7. a4 h5 8. h4 f6 9. c3 Be6 10. cxd4 cxd4 11. Na3 Qd7 12. Bd2 Nh6 13. a5 Nf7 14. Qa4 a6 15. Nc4 Rd8 16. Nb6 Qd6 17. b4 O-O 18. b5 Na7 19. bxa6 bxa6 20. Rfc1 Nb5 21. Rc2 Qb8 22. Rac1 Bd6 23. Kh2 Bc7 24. Rc6 Nfd6 25. Bb4 Rf7 26. Bh3 Bxh3 27. Kxh3 g6 28. Kg2 Kg7 29. Qb3 Nb7 30. Nd5 Bxa5 31. Be7 Rxd5 32.
Bxf6+ Rxf6 33. Qxd5 Nc3 34. Qd7+ Rf7 35. Qe6 Nd8 36.
Qxg6+ Kf8 37. Ng5 Qb7 38. Rd6 Rg7 39. Qxh5 Qe7 40. Qh8+ Rg8 41. Rf6+ Nf7 42. Nh7+ Ke8 43. Qxg8+ Kd7 44. Rxf7 1-0

[Event "Late-Titled-Tuesday-Blitz-June-04-2024"]
[Site "Chess.com"]
[Date "2024.06.04"]
[Round "8"]
[White "snowlord"]
[Black "Aygehovit1992"]
[Result "1/2-1/2"]
[WhiteElo "2925"]
[BlackElo "2819"]
[TimeControl "180+1"]
[EndTime "15:26:53 PDT"]
[Termination "Game drawn by repetition"]

1. g3 g6 2. e4 e5 3. Bg2 Bg7 4.
Nc3 d6 5. d3 Ne7 6. h4 h6 7. h5 g5 8. f4 gxf4 9. gxf4 Nbc6 10.
f5 Bf6 11. Nh3 Nd4 12. Ne2 Bh4+ 13. Kf1 Nexf5 14. exf5 Nxf5 15. Nhg1 Qf6 16. Nf3 Bd7 17. Rh2 Bc6 18. Nc3 O-O-O 19. Ne4 Ng3+ 20. Kg1 Nxe4 21. Rxh4 Ng3 22. Rg4 Rhg8 23. Bg5 hxg5 24. Rxg3 Qf4 25. Qe1 g4 26. Nh4 Bxg2 27. Nxg2 Qg5 28. Qe3 Qxh5 29. Qxa7 f5 30. Qa8+ Kd7 31. Qxb7 f4 32. Qb5+ Kc8 33.
Nxf4 Qh4 34. Qa6+ Kd7 35. Qb5+ Kc8 36. Ne2 Rh8 37. Kf2 Rdf8+ 38. Ke1 Qh1+ 39. Rg1 Qh2 40.
Kd2 Rf2 41. Rae1 Rxe2+ 42. Rxe2 Qxg1 43. Qa6+ Kd7 44. Qb5+ Kc8 45. Qa6+ Kd7 46. Qb5+ Kc8 1/2-1/2

[Event "Late-Titled-Tuesday-Blitz-June-04-2024"]
[Site "Chess.com"]
[Date "2024.06.04"]
[Round "8"]
[White "MarceloPlaya"]
[Black "StellarChess"]
[Result "0-1"]
[WhiteElo "2365"]
[BlackElo "2529"]
[TimeControl "180+1"]
[EndTime "15:26:54 PDT"]
[Termination "StellarChess won on time"]

1. e4 e5 2. Nf3 Nc6 3. d4 exd4 4. Bc4 Nf6 5. Ng5 Ne5 6. Bb3 h6 7. f4 hxg5 8. fxe5 Nxe4 9. O-O d5 10. exd6 Qxd6 11.
Bxf7+ Kd8 12. g3 Be7 13. Qf3 Nf6 14. Bxg5 Qc5 15. Bxf6 Bxf6 16. Qd5+ Qxd5 17. Bxd5 c6 18. Bg2 Be6 19. Nd2 d3 20. c3 Kc7 21. Rae1 Bxa2 22. Ne4 Rad8 23. Ra1 Bb3 24. Rxa7 d2 25. Nc5 Kb6 26. Bf3 Kxa7 27. Nxb3 Rhe8 28. Kf2 Kb6 29.
Rd1 Re7 30. Rxd2 Rxd2+ 31. Nxd2 Bg5 32. Ne4 Bf6 33. g4 Kc7 34. g5 Be5 35. h4 Bf4 36. Bg2 Bc1 37. b3 Bb2 38. c4 Be5 39. Kf3 Rf7+ 40.
Ke3 Bf4+ 41. Ke2 Rd7 42. Kf3 Be5 43. Kg4 Rd3 44. Kf5 Bb2 45. h5 Rxb3 46. h6 gxh6 47. gxh6 Ra3 48. h7 Ra8 49. Nf6 Rf8 0-1

[Event "Late-Titled-Tuesday-Blitz-June-04-2024"]
[Site "Chess.com"]
[Date "2024.06.04"]
[Round "8"]
[White "Msb2"]
[Black "Shankland"]
[Result "1/2-1/2"]
[WhiteElo "3040"]
[BlackElo "2975"]
[TimeControl "180+1"]
[EndTime "15:26:56 PDT"]
[Termination "Game drawn by repetition"]

1. d4 Nf6 2. c4 g6 3. Nc3 d5 4. cxd5 Nxd5 5. e4 Nxc3 6. bxc3 Bg7 7. Nf3 c5 8. Bb5+ Bd7 9. Bxd7+ Qxd7 10. O-O O-O 11.
Be3 Rc8 12. Rc1 Nc6 13. d5 Na5 14. c4 b5 15. cxb5 Qxb5 16. Qc2 c4 17. Bd4 c3 18. Rfd1 Rab8 19. h4 Qb2 20. Qd3 Bxd4 21. Nxd4 Qxa2 22. Ra1 Qb2 23. Rxa5 c2 24. Nxc2 Rxc2 25. Qg3 Rb7 26. h5 Rc1 27. Qg4 Rxd1+ 28. Qxd1 Rc7 29. Qf3 Rc1+ 30. Kh2 Qe5+ 31. g3 Rc3 32. Qf4 Qxf4 33. gxf4 Rf3 34. Rxa7 Rxf4 35. Rxe7 Kf8 36. d6 Rxf2+ 37.
Kg3 Rd2 38. hxg6 hxg6 39. e5 f6 40. Rh7 fxe5 41. d7 Rd4 42. Kf3 g5 43. Ke3 g4 44.
Kf2 Rd3 45. Rh4 Rxd7 46. Rxg4 Ke7 47. Ke3 Ke6 48. Rg6+ Kf5 49. Ra6 Rb7 50. Ra4 Rb3+ 51.
Ke2 e4 52. Ra8 Kf4 53. Rf8+ Ke5 54. Re8+ Kf4 55. Rf8+ Ke5 56. Re8+ Kf4 57. Rf8+ 1/2-1/2

[Event "Late-Titled-Tuesday-Blitz-June-04-2024"]
[Site "Chess.com"]
[Date "2024.06.04"]
[Round "8"]
[White "traviscottofficial"]
[Black "Eduard_Limonov"]
[Result "0-1"]
[WhiteElo "2682"]
[BlackElo "2838"]
[TimeControl "180+1"]
[EndTime "15:26:56 PDT"]
[Termination "Eduard_Limonov won by resignation"]

1. d4 d5 2. c4 e6 3. Nc3 c6 4. e4 dxe4 5. Nxe4 Bb4+ 6. Nc3 c5 7.
Nf3 Nf6 8. a3 Ba5 9. h3 O-O 10.
Be3 Nc6 11. dxc5 Bxc3+ 12. bxc3 Qa5 13. Qb3 Ne4 14. Rc1 Nxc5 15. Qb5 Na4 16. Be2 Bd7 17. Nd4 Qc7 18. Nxc6 Bxc6 19. Qb4 a5 20. Qb3 Qe7 21. O-O h6 22. Rfd1 Rfc8 23. Bd4 Qg5 24. Bf1 Nc5 25.
Qb6 Ne4 26. Be3 Qe7 27. c5 Nf6 28. Rd6 Nd5 29. Qb3 Nxe3 30. fxe3 Qg5 31. c4 Qxc5 32.
Rd4 e5 33. Rdd1 Rd8 34. Kf2 f5 35. Be2 f4 36. Qc3 Kh8 37. Rxd8+ Rxd8 38. Rd1 Rf8 39. Ke1 fxe3 40. Rd3 e4 41. Rxe3 Qg5 42. g3 Qf5 43. h4 Qf2+ 44. Kd2 Rd8+ 45. Kc2 Qf7 46. Kb2 Kh7 47.
Qc2 Qf6+ 48. Qc3 Rd2+ 49. Kc1 Qxc3+ 50. Rxc3 Rxe2 0-1

[Event "Late-Titled-Tuesday-Blitz-June-04-2024"]
[Site "Chess.com"]
[Date "2024.06.04"]
[Round "8"]
[White "jinbojinbo"]
[Black "bascheyaro"]
[Result "1-0"]
[WhiteElo "2697"]
[BlackElo "2793"]
[TimeControl "180+1"]
[EndTime "15:26:56 PDT"]
[Termination "jinbojinbo won on time"]

1. e4 e6 2. d4 d5 3. exd5 exd5 4. Nf3 Nf6 5. Bd3 c5 6. O-O c4 7. Be2 Bd6 8. b3 cxb3 9. axb3 O-O 10. c4 h6 11. Nc3 Nc6 12. Be3 Bf5 13. h3 Re8 14.
Re1 a6 15. Bf1 Rc8 16. c5 Bc7 17. Qd2 Ba5 18. Qb2 Ne4 19. Nxe4 dxe4 20. Nd2 Qf6 21. Red1 Rcd8 22. Nc4 Bc7 23. b4 Ne7 24. b5 Nd5 25. bxa6 bxa6 26. Qb7 Bc8 27. Qb3 Qg6 28. Rab1 Bxh3 29. Nb6 Nxe3 30. Qxe3 Bf5 31. d5 Be5 32. Nc4 Bf6 33. d6 Be6 34. c6 Bg5 35. Qg3 Qf6 36.
c7 Rd7 37. Rb8 Rdd8 38. cxd8=Q Rxd8 39. Rxd8+ Qxd8 40. d7 Kh7 41. Ne5 e3 42. fxe3 Qb6 43.
Kh1 Bd8 44. Qf4 f5 45. Qd4 1-0

[Event "Late-Titled-Tuesday-Blitz-June-04-2024"]
[Site "Chess.com"]
[Date "2024.06.04"]
[Round "8"]
[White "MNyuyu"]
[Black "th3d4rkness"]
[Result "1-0"]
[WhiteElo "2408"]
[BlackElo "2170"]
[TimeControl "180+1"]
[EndTime "15:27:00 PDT"]
[Termination "MNyuyu won on time"]

1. d4 Nf6 2. c4 e6 3. a3 c5 4. d5 exd5 5. cxd5 g6 6. Nc3 d6 7. Bf4 a6 8. a4 Bg7 9. e3 O-O 10.
h3 Qe7 11. Nf3 Nbd7 12. Be2 Nh5 13. Bh2 f5 14. O-O Ndf6 15. Re1 Ne4 16. Qc2 Nxc3 17. bxc3 Nf6 18. Nd2 Kh8 19. Nc4 Rd8 20. Bf3 Ne4 21. Bxe4 fxe4 22. Rab1 Rb8 23. Rb6 Be5 24. Nxe5 dxe5 25.
Qxe4 Re8 26. Re6 Bxe6 27. Bxe5+ Kg8 28. Bxb8 Bf5 29. Qxe7 Rxe7 30. d6 Re8 31. Bc7 Bd7 32. e4 Kf7 33. f4 Ke6 34. g4 Bxa4 35. Kf2 Rf8 36. f5+ gxf5 37. gxf5+ Kd7 38. Kg3 Bc6 39. Kf4 b5 40. e5 b4 41. cxb4 cxb4 42. Rg1 Bd5 43.
Rg7+ Kc6 44. Ba5 b3 45. Ke3 b2 46. Rg1 Rb8 47. Rb1 Ba2 48. Rxb2 Rxb2 49. Bc7 1-0

[Event "Late-Titled-Tuesday-Blitz-June-04-2024"]
[Site "Chess.com"]
[Date "2024.06.04"]
[Round "8"]
[White "Likvidator228"]
[Black "chessdjw"]
[Result "1-0"]
[WhiteElo "2602"]
[BlackElo "2743"]
[TimeControl "180+1"]
[EndTime "15:27:02 PDT"]
[Termination "Likvidator228 won by resignation"]

1. d4 Nf6 2. Nf3 d5 3. Bf4 Bf5 4. e3 e6 5. c4 Bxb1 6. Qa4+ Nc6 7. Rxb1 Bb4+ 8. Kd1 Ne4 9. Qc2 Bd6 10. Bxd6 Qxd6 11. a3 O-O 12. Bd3 f5 13. Ke2 Kh8 14. Rhd1 a5 15. cxd5 exd5 16. Rbc1 a4 17. Bb5 Na7 18. Bxa4 Qa6+ 19. Ke1 c6 20. g3 Nc8 21. Bb3 Ncd6 22.
Ne5 Rae8 23. Qe2 Qb6 24. Ba2 Re7 25. f3 Ng5 26. Kf1 Ngf7 27. f4 Ne4 28. Bb1 Nfd6 29.
Kg2 Nf6 30. Bd3 g6 31. h3 Kg7 32. g4 Nfe4 33. Kh2 Qb3 34. Rg1 Kh8 35. Qc2 Qb6 36.
b4 Qd8 37. a4 Rg7 38. Bxe4 Nxe4 39. g5 Qb6 40. Qb2 Qa6 41. Ra1 Qb6 42. Rgc1 Re7 43.
b5 Nd6 44. Qb4 cxb5 45. axb5 Kg8 46. Qc5 Qxc5 47. Rxc5 Ne4 48. Rxd5 Re6 49. Rd7 Rc8 50. Ra2 Rc2+ 51. Rxc2 Re8 52. Rcc7 Ra8 53. Rg7+ Kf8 54. Rcf7+ 1-0

[Event "Late-Titled-Tuesday-Blitz-June-04-2024"]
[Site "Chess.com"]
[Date "2024.06.04"]
[Round "8"]
[White "cassoulet"]
[Black "WPWPWP-2015"]
[Result "1-0"]
[WhiteElo "2765"]
[BlackElo "2544"]
[TimeControl "180+1"]
[EndTime "15:27:03 PDT"]
[Termination "cassoulet won on time"]

1. d4 Nf6 2. Bg5 e6 3. Nd2 h6 4. Bh4 d5 5. Ngf3 Be7 6. e3 O-O 7. Bd3 Nbd7 8. O-O c5 9. c3 b6 10. Qe2 Bb7 11. Rad1 Re8 12. Ne5 Ne4 13. Bxe7 Qxe7 14.
Bb5 Nef6 15. f4 cxd4 16. exd4 a6 17. Ba4 b5 18. Bc2 b4 19. f5 bxc3 20. bxc3 Rac8 21.
Rf3 exf5 22. Bxf5 Nxe5 23. Qxe5 Rc6 24. Qf4 Qc7 25. Qxc7 Rxc7 26. Nb3 Ne4 27. Bxe4 dxe4 28. Re3 Bd5 29. Nc5 Rc6 30. Rd2 f5 31. Rf2 g6 32.
g3 Rb6 33. Nd7 Rb1+ 34. Kg2 Kg7 35. Ne5 Reb8 36. g4 R8b2 37. gxf5 gxf5 38. Rxb2 Rxb2+ 39. Kg3 Kf6 40. c4 Be6 41. Ra3 Rd2 42. Rxa6 Rxd4 43.
Nc6 Rd3+ 44. Kg2 Kg5 45. Ne5 Rd2+ 46. Kg1 Bc8 47. Rc6 Bb7 48. Rc7 Ba8 49. Ra7 Rd1+ 50. Kf2 f4 51. Rxa8 Rd2+ 52. Ke1 Rxh2 53. Rf8 f3 54. Rxf3 Rxa2 55. Rc3 Kf5 56. Nc6 Ra6 57. Nb4 Rb6 58. Nd5 Rb1+ 59. Ke2 Ke5 60. Ne3 Kd4 61.
Rc2 Rb8 62. c5 Rc8 63. c6 h5 64. c7 Ke5 65. Nc4+ Ke6 66. Nb6 Rg8 67. c8=Q+ 1-0

[Event "Late-Titled-Tuesday-Blitz-June-04-2024"]
[Site "Chess.com"]
[Date "2024.06.04"]
[Round "8"]
[White "merinasian"]
[Black "fly_21"]
[Result "1-0"]
[WhiteElo "2502"]
[BlackElo "2600"]
[TimeControl "180+1"]
[EndTime "15:27:05 PDT"]
[Termination "merinasian won on time"]

1. d4 Nf6 2. Nf3 g6 3. Bf4 Bg7 4. e3 O-O 5. h3 d6 6. Be2 c5 7. O-O Qb6 8. Qc1 Nc6 9. c3 cxd4 10. exd4 Bf5 11. Nbd2 Rac8 12. Nc4 Qd8 13. Qd1 Re8 14. Ne3 Qb6 15. Nxf5 gxf5 16. Qb3 Qxb3 17. axb3 e5 18. dxe5 dxe5 19. Bh2 a6 20. Rfd1 Ne4 21. Bc4 Re7 22. Rd5 Nf6 23. Rd2 Ne4 24. Rd5 Nf6 25. Rdd1 b5 26. Bd5 Nxd5 27. Rxd5 b4 28. Rxa6 bxc3 29.
bxc3 e4 30. Nh4 Ra7 31. Rxa7 Nxa7 32. Nxf5 Rxc3 33. Bf4 Bf6 34. Rd6 Rc6 35. Rd7 Nc8 36. Nh6+ Kg7 37. Nxf7 Kg6 38. Ne5+ Bxe5 39. Bxe5 Kf5 40.
Bg3 h6 41. b4 Rb6 42. Rd5+ Kf6 43. b5 Rb7 44. Bf4 Ne7 45. Rc5 Ke6 46. Bxh6 Kd6 47. Rh5 Nd5 48. Bf8+ Ke6 49. Rh6+ Kf7 50. Bd6 Rxb5 51. Bg3 Nf6 52. Rh4 Rb2 53. Kh2 Ke6 54. Rf4 1-0

[Event "Late-Titled-Tuesday-Blitz-June-04-2024"]
[Site "Chess.com"]
[Date "2024.06.04"]
[Round "8"]
[White "maximnovik"]
[Black "ansko1999"]
[Result "0-1"]
[WhiteElo "2494"]
[BlackElo "2628"]
[TimeControl "180+1"]
[EndTime "15:27:05 PDT"]
[Termination "ansko1999 won by resignation"]

1. e4 c5 2. Nf3 Nf6 3. e5 Nd5 4. Nc3 e6 5. Nxd5 exd5 6. d4 Nc6 7. dxc5 Bxc5 8. Bd3 d6 9. exd6 Qxd6 10. O-O O-O 11.
a3 h6 12. h3 a5 13. Re1 Bb6 14.
Be3 d4 15. Bd2 Bc7 16. c3 Be6 17. cxd4 Nxd4 18. Nxd4 Qxd4 19. Bc3 Qd6 20. Be5 Qe7 21. Qf3 Bxe5 22. Rxe5 Qh4 23. Rae1 b6 24. R1e4 Qd8 25. Re3 Qd4 26. Qe4 Qxe4 27. Bxe4 Rac8 28. Rb5 Rb8 29. Rc3 Rfd8 30. Rc6 Bd7 31. Rbxb6 Bxc6 32. Rxc6 Rxb2 33. Ra6 Rb5 34. a4 Rc5 35. g3 g6 36. Bf3 Rd4 37. Bc6 Kg7 38. Bb5 Rc2 39. Rxa5 Rdd2 40. Ra8 Rxf2 41.
Bf1 Rfd2 42. a5 Rc1 43. a6 Rdd1 44. a7 Rxf1+ 45. Kg2 Rg1+ 46. Kf2 Rcf1+ 47. Ke2 Ra1 48. Kf2 Rgb1 49. Ke2 Rb2+ 50. Kd3 Rba2 0-1

[Event "Late-Titled-Tuesday-Blitz-June-04-2024"]
[Site "Chess.com"]
[Date "2024.06.04"]
[Round "8"]
[White "albayo"]
[Black "The_Sherman_Variation"]
[Result "0-1"]
[WhiteElo "2360"]
[BlackElo "2602"]
[TimeControl "180+1"]
[EndTime "15:27:07 PDT"]
[Termination "The_Sherman_Variation won on time"]

1. c4 e6 2. Nf3 d5 3. g3 Nf6 4. Bg2 Be7 5. O-O O-O 6. Qc2 c5 7. d3 Nc6 8. b3 d4 9. e3 dxe3 10. Bxe3 Nb4 11. Qd1 Nxd3 12. Nc3 e5 13. Nd5 Nxd5 14.
Qxd3 Nxe3 15. Qxe3 f6 16. Rfd1 Qc7 17. Nd2 Be6 18.
Ne4 Rad8 19. Nc3 Rd4 20. Bd5 Bxd5 21. Nxd5 Qd6 22. Qf3 Rd8 23. Kg2 Rd7 24. Qf5 Bd8 25. h4 b5 26. Rac1 bxc4 27. bxc4 Qc6 28. Rxd4 cxd4 29.
h5 h6 30. Qg6 Rd6 31. Qe4 Qc5 32. Kh2 d3 33. Qe3 Qxe3 34. fxe3 Rc6 35. e4 d2 36.
Rd1 Rxc4 37. Rxd2 Rxe4 38. Nc3 Rd4 39. Rxd4 exd4 40. Ne4 f5 41. Nc5 Bb6 42. Nd3 Kf7 43. Kg2 Kf6 44. Kf3 Kg5 45. Nf4 Kf6 46. Nd3 a5 47. a4 Ba7 48. Nf4 Bb8 49. Nd5+ Kg5 50.
Nb6 Kxh5 51. Nc4 Bc7 52. Nd2 Kg5 53. Nb3 Bb6 54. Nd2 Kf6 55. Kf4 g5+ 56. Kf3 h5 57. Nc4 Bc7 58. Ke2 g4 59. Kd3 Bxg3 60.
Nxa5 h4 61. Ke2 h3 62. Kf1 Bc7 63. Nc6 g3 64. Nxd4 g2+ 0-1

[Event "Late-Titled-Tuesday-Blitz-June-04-2024"]
[Site "Chess.com"]
[Date "2024.06.04"]
[Round "8"]
[White "GMTalks_Youtube"]
[Black "nabukatnezarr"]
[Result "1-0"]
[WhiteElo "2739"]
[BlackElo "2579"]
[TimeControl "180+1"]
[EndTime "15:27:10 PDT"]
[Termination "GMTalks_Youtube won by resignation"]

1. d4 Nf6 2. c4 e6 3. Nc3 Bb4 4. e3 O-O 5. Bd3 Bxc3+ 6. bxc3 d5 7. cxd5 exd5 8. Ne2 c5 9. O-O Nc6 10. Ng3 Qa5 11. Bb2 b6 12. Re1 Ba6 13. Bb1 Bc4 14.
f3 Rad8 15. Bc2 g6 16. e4 dxe4 17. fxe4 Nd7 18. Qf3 cxd4 19. cxd4 Nb4 20. Bc3 Qa3 21. Bb3 Rc8 22. d5 Bxb3 23. axb3 Qxb3 24. Bxb4 Qxb4 25. Qf2 a5 26. e5 Qc5 27. Ne4 Qxf2+ 28. Nxf2 Rfe8 29.
Ng4 h5 30. e6 Nc5 31. Nf6+ Kg7 32. Nxe8+ Rxe8 33. e7 a4 34. d6 b5 35. Rab1 a3 36. Rxb5 Nd3 37. Rd1 Nf4 38. Ra5 Ne2+ 39. Kf2 a2 40. Rxa2 Nc3 41. Rad2 Ne4+ 42. Ke3 Nxd2 43. Rxd2 Kf6 44. Ke4 Ke6 45. Rd4 Kd7 46. Kf4 f6 47. g4 hxg4 48. Kxg4 Rh8 49. h4 Rh7 50. Rd2 Rh8 51. Kg3 Rh7 52. Re2 Rh8 53. Kg4 Kxd6 54.
e8=Q f5+ 55. Kg5 Rxe8 56. Rxe8 1-0

[Event "Late-Titled-Tuesday-Blitz-June-04-2024"]
[Site "Chess.com"]
[Date "2024.06.04"]
[Round "8"]
[White "Michalczak"]
[Black "AsaHoffmann"]
[Result "1-0"]
[WhiteElo "2514"]
[BlackElo "2271"]
[TimeControl "180+1"]
[EndTime "15:27:11 PDT"]
[Termination "Michalczak won by resignation"]

1. e4 d6 2. d4 Nf6 3. Nc3 c6 4. f4 Qa5 5. Bd3 e5 6. Nf3 exd4 7.
Nxd4 Qb6 8. Nb3 a5 9. a4 Na6 10. h3 Nb4 11. Bc4 d5 12. exd5 cxd5 13. Bb5+ Bd7 14. Qe2+ Be7 15. Be3 Qxe3 16. Qxe3 Nxc2+ 17. Kf2 Nxe3 18. Kxe3 Bc6 19. Nd4 Rc8 20. Kd3 O-O 21. Rhe1 Ne4 22. Bxc6 bxc6 23. Nxe4 dxe4+ 24. Rxe4 Bf6 25. Kc2 Rfd8 26. Nf5 g6 27. Ne7+ Bxe7 28. Rxe7 Rd4 29. g3 c5 30. Rd1 Rcd8 31. Rxd4 Rxd4 32.
b3 c4 33. Kc3 Rd3+ 34. Kxc4 Rxg3 35. Ra7 Rf3 36. Rxa5 Rxf4+ 37. Kc3 f5 38. b4 Rf3+ 39.
Kc4 Rf1 40. b5 Rb1 41. Ra7 f4 42. Rd7 f3 43. Rd2 g5 44. Rf2 Ra1 45. Kb4 Rb1+ 46. Ka5 Rb3 47. b6 h5 48. Ka6 g4 49. hxg4 hxg4 50.
b7 Kg7 51. a5 Kg6 52. Ka7 Kg5 53. b8=Q Rxb8 54. Kxb8 Kf4 55. a6 g3 56. Rxf3+ Kxf3 57. a7 g2 58. a8=Q+ Kf2 59. Qa7+ Kf1 60. Qa6+ Kf2 61.
Qb6+ Kf1 62. Qb5+ Kf2 63. Qc5+ Kf1 64. Qc4+ Kf2 65. Qd4+ Kf1 66. Qd3+ Kf2 67. Qf5+ Ke2 68. Qg4+ Kf2 69. Qf4+ Ke1 70. Qg3+ Kf1 71. Qf3+ Kg1 72. Kc7 Kh2 73. Qh5+ Kg1 74. Kd6 Kf2 75. Qf5+ Ke1 76.
Qg4 Kf1 77. Qf3+ Kg1 78. Ke5 Kh1 79. Qh3+ Kg1 80. Kf4 Kf2 81. Qe3+ Kf1 82. Kf3 g1=N+ 83. Kg3 Ne2+ 84. Kh2 Ke1 85. Kg2 Kd1 86. Kf2 Nc1 87.
Qc3 Na2 88. Qb3+ Kc1 89. Qxa2 Kd1 90. Ke3 Kc1 91. Kd3 1-0

[Event "Late-Titled-Tuesday-Blitz-June-04-2024"]
[Site "Chess.com"]
[Date "2024.06.04"]
[Round "8"]
[White "glucolisis04"]
[Black "Zampronha1971"]
[Result "0-1"]
[WhiteElo "2278"]
[BlackElo "2419"]
[TimeControl "180+1"]
[EndTime "15:27:13 PDT"]
[Termination "Zampronha1971 won by resignation"]

1. d4 Nf6 2. c4 e6 3. Nc3 Bb4 4.
e3 b6 5. Ne2 Ba6 6. a3 Bxc3+ 7.
Nxc3 d5 8. b3 O-O 9. Bd3 c5 10.
dxc5 bxc5 11. cxd5 Bxd3 12. Qxd3 exd5 13. O-O Nc6 14.
Na4 Qd6 15. h3 Ne5 16. Qc2 Rac8 17. Bb2 Ne4 18. Rad1 Rfd8 19. Nc3 Nxc3 20. Qxc3 f6 21. Rd2 Qe6 22. Rfd1 Nf7 23. b4 cxb4 24. Qxb4 Rd7 25. Qa4 Rcd8 26. Bd4 a6 27. Rc2 Ne5 28. Rdc1 Nc4 29.
Qb3 Qc6 30. Qd3 Re8 31. Qf5 Qe6 32. Qxe6+ Rxe6 33. Rxc4 dxc4 34. Rxc4 Rb7 35. Rc8+ Kf7 36. Bc5 Rb1+ 37. Kh2 Rb2 38. f4 Rc2 39. f5 Re8 40.
Rc7+ Kg8 41. Rc6 a5 42. Rc7 a4 43. e4 Rb8 44. Rc6 Ra8 45. Rc7 h6 46. Kg3 Kh7 47.
Kf4 Ra5 48. Rc8 Raxc5 49. Rd8 Rc8 50. Rd7 R8c7 51. Rd6 Rxg2 52. Rd3 Rgc2 53. e5 R2c4+ 0-1

[Event "Late-Titled-Tuesday-Blitz-June-04-2024"]
[Site "Chess.com"]
[Date "2024.06.04"]
[Round "8"]
[White "FischerKasparow"]
[Black "Viktor_Poddubnyi"]
[Result "0-1"]
[WhiteElo "2091"]
[BlackElo "2342"]
[TimeControl "180+1"]
[EndTime "15:27:13 PDT"]
[Termination "Viktor_Poddubnyi won by checkmate"]

1. d4 g6 2. c4 Bg7 3. Nc3 c5 4. Nf3 cxd4 5. Nxd4 Nc6 6. Nc2 d6 7. e4 Nf6 8. Be2 O-O 9. O-O Be6 10. Be3 Rc8 11. b3 Ng4 12. Bxg4 Bxg4 13. Qxg4 Bxc3 14. Rad1 Qa5 15. Bh6 Rfe8 16. Rd3 Ne5 17. Qe2 Nxd3 18. Qxd3 Bg7 19. Bxg7 Kxg7 20. a4 Qc5 21. Ne3 a6 22.
Nd5 Kg8 23. Qh3 b5 24. axb5 axb5 25. cxb5 Qxb5 26. Nxe7+ Rxe7 27. Qxc8+ Re8 28. Qc4 Qxc4 29. bxc4 Rxe4 30. Rc1 Rd4 31. Kf1 Kf8 32. Ke2 Ke7 33.
Ke3 Rg4 34. g3 Rg5 35. f4 Ra5 36. Kd4 Ra2 37. Re1+ Kd7 38. h4 Ra3 39. Re3 Rxe3 40. Kxe3 Kc6 41. Kd4 f5 42. Kd3 Kc5 43. Kc3 d5 44.
cxd5 Kxd5 45. Kd3 h6 46. Ke3 Kc4 47. Kf3 Kd3 48. g4 h5 49. gxh5 gxh5 50. Kf2 Ke4 51.
Kg3 Ke3 52. Kg2 Kxf4 53. Kf2 Kg4 54. Kg2 Kxh4 55. Kf3 Kg5 56. Kg3 f4+ 57. Kf3 Kf5 58. Kf2 Kg4 59. Kg2 f3+ 60. Kf2 Kf4 61. Kf1 Kg3 62.
Kg1 f2+ 63. Kf1 h4 64. Ke2 Kg2 65. Ke3 f1=Q 66. Ke4 h3 67. Ke5 h2 68. Ke6 Qf3 69.
Ke7 Qf4 70. Ke6 h1=Q 71. Kd7 Qhc1 72. Ke6 Qc6+ 73. Ke7 Qff6# 0-1

[Event "Late-Titled-Tuesday-Blitz-June-04-2024"]
[Site "Chess.com"]
[Date "2024.06.04"]
[Round "8"]
[White "MatthewG-p4p"]
[Black "Statham_01"]
[Result "1-0"]
[WhiteElo "2894"]
[BlackElo "2717"]
[TimeControl "180+1"]
[EndTime "15:27:14 PDT"]
[Termination "MatthewG-p4p won by resignation"]

1. f4 Nh6 2. Nf3 d5 3. g3 Bg4 4.
Bg2 Nd7 5. d3 e6 6. e4 Bc5 7. h3 Bxf3 8. Qxf3 O-O 9. Nc3 c6 10.
Bd2 f5 11. O-O-O b5 12. g4 b4 13. Na4 Qa5 14. b3 Nb6 15. Nxc5 Qxc5 16. Kb1 a5 17.
exf5 a4 18. Qe3 Qa5 19. Qxe6+ Nf7 20. a3 c5 21. Bxd5 Nxd5 22. Qxd5 Rfd8 23. Qc4 axb3 24.
Qxb3 Qb5 25. axb4 Ra4 26. c4 Qd7 27. b5 Rda8 28. Bc3 Nd6 29. Rhe1 Qb7 30. Re6 Ra3 31. Qb2 Qf3 32. Ree1 R8a7 33. b6 Ra8 34. Rd2 Qb7 35. Re6 Qc6 36. b7 Qxb7 37. Qxb7 Nxb7 38. Bb2 Rb3 39.
Re7 Nd6 40. Rxg7+ Kf8 41. Rxh7 Rab8 42. Rh8+ Kf7 43. Rxb8 Rxb8 44. Kc2 Nc8 45. g5 Nb6 46. g6+ Kg8 47. f6 Nd7 48. f7+ Kf8 49. Re2 Nb6 50.
Re8+ Rxe8 51. fxe8=Q+ Kxe8 52. h4 Nd7 53. h5 Nf8 54. g7 1-0

[Event "Late-Titled-Tuesday-Blitz-June-04-2024"]
[Site "Chess.com"]
[Date "2024.06.04"]
[Round "8"]
[White "Onthequiet"]
[Black "jinxy2009"]
[Result "0-1"]
[WhiteElo "2401"]
[BlackElo "2290"]
[TimeControl "180+1"]
[EndTime "15:27:15 PDT"]
[Termination "jinxy2009 won on time"]

1. e4 c6 2. d4 d5 3. exd5 cxd5 4. Bd3 Nc6 5. c3 Nf6 6. Bf4 Bg4 7. Qb3 e5 8. dxe5 Nh5 9. Be3 Nxe5 10. Bb5+ Nc6 11. Nd2 Be7 12. Ngf3 O-O 13. O-O a6 14. Bd3 Be6 15. Qc2 Nf6 16. Rad1 Rc8 17. Qb1 h6 18. h3 Qd7 19. Rfe1 Bd6 20. Nb3 Bxh3 21. gxh3 Qxh3 22.
Bf5 Qxf3 23. Bxc8 Rxc8 24. Nd4 Nxd4 25. Rxd4 Ng4 26. Qd3 Re8 27. Rxg4 Qxg4+ 28. Kf1 Qh3+ 29. Ke2 Bf4 30. Kd2 Bxe3+ 31. fxe3 Qg2+ 32. Re2 Qe4 33. Rf2 Qxd3+ 34. Kxd3 Re4 35. Rf5 g6 36. Rxd5 Re7 37.
e4 Kg7 38. Kd4 h5 39. Rg5 Kf6 40. Rg1 g5 41. c4 g4 42. c5 Kg5 43. Rf1 h4 44. Rf5+ Kg6 45. Ke3 f6 46. Kf4 g3 47. Rd5 Re5 48. Rd8 Rxc5 49. Rg8+ Kf7 50. Rh8 g2 51. Rh7+ Kg8 52. Rxh4 Rg5 0-1